[Event "Titled Tuesday Blitz May 17 Early 2022"]
[White "Pert, Nicholas"]
[Black "Moskalenko, Alexander"]
[WhiteFideId "403989"]
[BlackFideId "4155351"]
[WhiteElo "2536"]
[BlackElo "2434"]
[Result "0-1"]
[Round "02"]
[TimeControl "180+1"]
[Date "2022.05.17"]
[WhiteClock "0:00:01"]
[BlackClock "0:00:56"]

1. Nf3 c5 2. g3 d5 3. Bg2 Nc6 4. d4 Nf6 5. O-O cxd4 6. Nxd4 e5 7. Nxc6 bxc6 8. c4 Be6 9. Bg5 Qd7 10. Nc3 d4 11. Bxf6 gxf6 12. Ne4 Be7 13. c5 f5 14. Nd6+ Bxd6 15. cxd6 Qxd6 16. Rc1 e4 17. Qa4 Rc8 18. Rfd1 d3 19. exd3 exd3 20. Rxc6 Rxc6 21. Qxc6+ Qxc6 22. Bxc6+ Ke7 23. Rxd3 Rc8 24. Bd5 Rd8 25. Bxe6 Rxd3 26. Bxf5 Rd2 27. b3 Rxa2 28. Bd3 a5 29. Kg2 Rb2 30. Bc4 Rc2 31. Bd5 Rc5 32. Be4 f5 33. Bd3 Kf6 34. g4 Rc3 35. Bxf5 Rxb3 36. Bxh7 a4 37. Bg8 Rb8 38. Ba2 a3 39. Kg3 Rb2 40. Bg8 a2 41. Bxa2 Rxa2 42. h4 Ra3+ 43. f3 Ke5 44. h5 Kf6 45. h6 Kg6 0-1


[Site "https://www.chess.com"]

[Event "Titled Tuesday Blitz May 17 Early 2022"]
[White "Piesik, Piotr"]
[Black "Grischuk, Alexander"]
[WhiteFideId "1136194"]
[BlackFideId "4126025"]
[WhiteElo "2190"]
[BlackElo "2762"]
[Result "0-1"]
[Round "02"]
[TimeControl "180+1"]
[Date "2022.05.17"]
[WhiteClock "0:00:02"]
[BlackClock "0:00:12"]

1. Nf3 Nf6 2. g3 c5 3. Bg2 Nc6 4. O-O e5 5. c4 d5 6. cxd5 Nxd5 7. Nc3 Be6 8. d3 Be7 9. Bd2 Nc7 10. Rc1 O-O 11. a3 Rc8 12. Ne4 Na6 13. Qa4 f6 14. Be3 Qa5 15. Qxa5 Nxa5 16. Nfd2 b6 17. f4 Nc6 18. fxe5 Nxe5 19. Bf4 Ng6 20. Bd6 Rfd8 21. Bxe7 Nxe7 22. Nc3 Nc6 23. Bxc6 Rxc6 24. Nb5 Rd7 25. Ne4 Bd5 26. Nec3 Bb3 27. Ne4 Nb8 28. Rf4 Re6 29. Nbc3 Re5 30. Nd2 Bf7 31. Nc4 Re8 32. b4 cxb4 33. axb4 Nc6 34. b5 Nd4 35. Kf2 Bxc4 36. dxc4 Nb3 37. Rd1 Rxd1 38. Nxd1 Kf7 39. Ne3 Rc8 40. g4 Rc5 41. Re4 h5 42. h3 hxg4 43. hxg4 Na5 44. Ke1 Rc7 45. Kd2 Nb3+ 46. Kc3 Nc5 47. Rd4 Re7 48. Nf5 Rxe2 49. Nd6+ Ke6 50. Nc8 Re3+ 51. Kc2 Re4 52. Rxe4+ Nxe4 53. Nxa7 Kd7 54. Nc6 Nf2 55. g5 fxg5 56. Kd2 Ne4+ 57. Ke3 Nd6 58. Kd4 Ke6 0-1


[Site "https://www.chess.com"]

[Event "Titled Tuesday Blitz May 17 Early 2022"]
[White "Sadhwani, Raunak"]
[Black "Sokolovsky, Yahli"]
[WhiteFideId "35093487"]
[BlackFideId "2820242"]
[WhiteElo "2616"]
[BlackElo "1770"]
[Result "1-0"]
[Round "02"]
[TimeControl "180+1"]
[Date "2022.05.17"]
[WhiteClock "0:00:16"]
[BlackClock "0:00:01"]

1. d4 d6 2. Nf3 g6 3. e4 Bg7 4. Nc3 a6 5. Be3 b5 6. Qd2 Bb7 7. Bd3 Nd7 8. Ne2 c5 9. c3 c4 10. Bc2 Ngf6 11. Ng3 O-O 12. Bh6 e6 13. O-O Ne8 14. h4 f6 15. b3 d5 16. bxc4 dxc4 17. a4 Qe7 18. axb5 axb5 19. Rxa8 Bxa8 20. Ra1 Bb7 21. Ra7 Bxh6 22. Qxh6 Nb6 23. h5 Nc8 24. Ra5 g5 25. e5 Bxf3 26. gxf3 b4 27. cxb4 f5 28. d5 Ng7 29. d6 Qd8 30. Rc5 Nb6 31. Rc7 Nd7 32. Ne4 fxe4 33. Bxe4 Rf5 34. Bxf5 Nxf5 35. Qxe6+ 1-0


[Site "https://www.chess.com"]

[Event "Titled Tuesday Blitz May 17 Early 2022"]
[White "Salem, A.R. Saleh"]
[Black "Zemlyanskii, Ivan"]
[WhiteFideId "9301348"]
[BlackFideId "24249971"]
[WhiteElo "2679"]
[BlackElo "1815"]
[Result "1-0"]
[Round "02"]
[TimeControl "180+1"]
[Date "2022.05.17"]
[WhiteClock "0:02:39"]
[BlackClock "0:01:02"]

1. d4 Nf6 2. c4 e6 3. Nc3 Bb4 4. a3 Bxc3+ 5. bxc3 c5 6. f3 d6 7. e4 Nc6 8. Ne2 b6 9. Bg5 h6 10. Bh4 e5 11. d5 Na5 12. Nc1 Ba6 13. Nb3 Bxc4 14. Nxa5 Bxf1 15. Nc6 Qd7 16. Rxf1 g5 17. Bf2 Nh5 18. Be3 O-O 19. g4 Nf4 20. Bxf4 exf4 21. h4 Rae8 22. Kf2 gxh4 23. Rh1 h5 24. Rxh4 f5 25. gxf5 Qg7 26. Qg1 Rf7 27. Rxh5 1-0


[Site "https://www.chess.com"]

[Event "Titled Tuesday Blitz May 17 Early 2022"]
[White "Sanal, Vahap"]
[Black "Kosteniuk, Alexandra"]
[WhiteFideId "6300545"]
[BlackFideId "4128125"]
[WhiteElo "2574"]
[BlackElo "2469"]
[Result "1-0"]
[Round "02"]
[TimeControl "180+1"]
[Date "2022.05.17"]
[WhiteClock "0:00:09"]
[BlackClock "0:00:05"]

1. e4 e5 2. Nc3 Nc6 3. Bc4 Nf6 4. d3 Bb4 5. Ne2 d5 6. exd5 Nxd5 7. O-O Nb6 8. Bb3 O-O 9. Kh1 Be6 10. Bxe6 fxe6 11. Ne4 Nd5 12. Bg5 Qe8 13. c3 Bd6 14. Qb3 Rb8 15. N2g3 Nf4 16. Rfd1 h6 17. Bxf4 exf4 18. Nf1 f3 19. g3 Kh8 20. Ne3 Qg6 21. Re1 Be7 22. Nf1 Rf5 23. Ned2 e5 24. Re4 b5 25. Rae1 a6 26. Ne3 Rff8 27. Qd1 Rbd8 28. Qc2 Qe6 29. a4 Qh3 30. axb5 axb5 31. Rg1 Bg5 32. Ndf1 Qd7 33. h4 Bf6 34. Nh2 Be7 35. Rd1 Bc5 36. b4 Bb6 37. h5 Bxe3 38. Rxe3 Rf5 39. g4 Rf4 40. Rg1 Qe7 41. Rg3 Qh4 42. Rexf3 Rxf3 43. Rxf3 e4 44. dxe4 Ne5 45. Rg3 Nc4 46. Qe2 Rd2 47. Qf3 Qd8 48. Kg2 Rc2 49. g5 Ne5 50. Qf5 Nd3 51. Ng4 Qxg5 52. Qf8+ Kh7 53. e5 Nf4+ 54. Kf3 Ne6 55. Nf6+ Qxf6+ 56. exf6 Nxf8 57. fxg7 Kg8 58. gxf8=Q+ Kxf8 59. Kg2 Kf7 60. Rf3+ Ke6 61. Kg3 c6 62. Kg4 Rc1 63. Re3+ Kf6 64. Rd3 Rg1+ 65. Kf4 Ke6 66. Rg3 Rh1 67. Rg6+ Kd5 68. Rxh6 Rh3 69. f3 Rh4+ 70. Ke3 Rc4 71. Kd3 Rf4 72. Ke2 Rc4 73. Rg6 Rxc3 74. h6 Rc2+ 75. Ke3 Rh2 76. f4 Rh3+ 77. Kf2 Kc4 78. f5 Kd5 79. Re6 Rh5 80. Rf6 Ke5 81. Rxc6 Rxf5+ 82. Ke3 Rf8 83. h7 Rh8 84. Rh6 Kf5 85. Kd4 Kg5 86. Rh1 Kg6 87. Kc5 1-0


[Site "https://www.chess.com"]

[Event "Titled Tuesday Blitz May 17 Early 2022"]
[White "Shimanov, Aleksandr"]
[Black "Hua, Lefong"]
[WhiteFideId "4198603"]
[BlackFideId "2602253"]
[WhiteElo "2605"]
[BlackElo "2624"]
[Result "1-0"]
[Round "02"]
[TimeControl "180+1"]
[Date "2022.05.17"]
[WhiteClock "0:00:07"]
[BlackClock "0:00:04"]

1. d4 Nf6 2. Nc3 d5 3. Bf4 g6 4. e3 Bg7 5. h4 c6 6. Qd2 Nbd7 7. Nf3 h6 8. Bd3 O-O 9. O-O-O b5 10. Ne5 Nxe5 11. Bxe5 a5 12. Kb1 a4 13. a3 Qb6 14. Na2 Ne8 15. Bxg7 Kxg7 16. Nb4 Nd6 17. f3 Bf5 18. g4 Bxd3 19. cxd3 e6 20. Rc1 Rac8 21. Rc2 Rc7 22. Rhc1 Rfc8 23. Qh2 c5 24. dxc5 Rxc5 25. Qe5+ Kg8 26. h5 Rxc2 27. Rxc2 Rxc2 28. Nxc2 gxh5 29. Qxh5 Kg7 30. Qe5+ Kg8 31. Qf6 Kh7 32. Qe7 Kg8 33. f4 Qc5 34. Qf6 Kh7 35. Qd8 Nb7 36. Qd7 Nd6 37. Qe7 Kg8 38. Qh4 Kg7 39. Qd8 Qc6 40. Nd4 Qc5 41. Qe7 Kg8 42. f5 exf5 43. Nxf5 Ne4 44. dxe4 Qc4 45. Qe8+ 1-0


[Site "https://www.chess.com"]

[Event "Titled Tuesday Blitz May 17 Early 2022"]
[White "Svane, Frederik"]
[Black "Vovk, Orest"]
[WhiteFideId "12923044"]
[BlackFideId "14113490"]
[WhiteElo "2459"]
[BlackElo "2203"]
[Result "0-1"]
[Round "02"]
[TimeControl "180+1"]
[Date "2022.05.17"]
[WhiteClock "0:00:02"]
[BlackClock "0:00:04"]

1. e4 g5 2. d4 g4 3. Nc3 Bg7 4. Be3 d6 5. h3 h5 6. hxg4 hxg4 7. Rxh8 Bxh8 8. Qd2 c6 9. O-O-O Qa5 10. Kb1 b5 11. f3 Be6 12. d5 b4 13. Nce2 cxd5 14. exd5 Bf5 15. Nd4 Bxd4 16. Qxd4 Nf6 17. fxg4 Bxg4 18. Nf3 Nbd7 19. Bc4 Rc8 20. Rh1 Nf8 21. Bg5 Qc5 22. Bxf6 Qxc4 23. Qe3 Qxc2+ 24. Ka1 Ng6 25. Re1 Rc7 26. Nh4 Nxh4 27. Bxh4 Bd1 28. Bg5 f6 29. Bf4 b3 30. Rh1 Kf8 31. Rh8+ Kg7 32. Rh1 Bh5 33. Qg3+ Bg6 34. Qh4 bxa2 35. Qh8+ Kf7 36. Kxa2 Qa4# 0-1


[Site "https://www.chess.com"]

[Event "Titled Tuesday Blitz May 17 Early 2022"]
[White "Yang, Kaiqi"]
[Black "Babazada, Khazar"]
[WhiteFideId "8604398"]
[BlackFideId "13413554"]
[WhiteElo "2373"]
[BlackElo "2406"]
[Result "1-0"]
[Round "02"]
[TimeControl "180+1"]
[Date "2022.05.17"]
[WhiteClock "0:00:10"]
[BlackClock "0:00:07"]

1. d4 Nf6 2. c4 c5 3. d5 e6 4. Nc3 exd5 5. cxd5 d6 6. e4 g6 7. f4 Bg7 8. Bb5+ Nfd7 9. a4 O-O 10. Nf3 Qc7 11. O-O a6 12. Be2 Re8 13. Kh1 Bxc3 14. bxc3 Rxe4 15. Bd3 Nf6 16. Bxe4 Nxe4 17. Ng5 Bf5 18. g4 Nxg5 19. gxf5 Ne4 20. Qf3 Qe7 21. fxg6 hxg6 22. c4 Nd7 23. Ra2 Re8 24. Rg2 Qh4 25. Bb2 Kf8 26. f5 g5 27. f6 Ne5 28. Bxe5 Rxe5 29. a5 Qh7 30. Qg4 Re8 31. Kg1 Qg6 32. Re2 Nxf6 33. Rxe8+ Nxe8 34. Qf5 Kg7 35. Qxg6+ Kxg6 36. Rb1 Nf6 37. Rxb7 Ne4 38. Rb6 g4 39. Rxa6 f5 40. Ra8 f4 41. a6 Kg7 42. a7 1-0


[Site "https://www.chess.com"]

[Event "Titled Tuesday Blitz May 17 Early 2022"]
[White "Yuan, Qingyu"]
[Black "Levitskiy, Andrey"]
[WhiteFideId "8609772"]
[BlackFideId "14132885"]
[WhiteElo "2359"]
[BlackElo "2301"]
[Result "1/2-1/2"]
[Round "02"]
[TimeControl "180+1"]
[Date "2022.05.17"]
[WhiteClock "0:00:04"]
[BlackClock "0:00:05"]

1. e4 e6 2. d4 d5 3. e5 c5 4. c3 Qb6 5. Nf3 Nc6 6. Bd3 cxd4 7. O-O Bd7 8. Re1 Nge7 9. h4 Rc8 10. Nbd2 Nf5 11. Qe2 Be7 12. h5 h6 13. Nb3 dxc3 14. bxc3 Qd8 15. Bf4 b6 16. Rad1 Nh4 17. Nfd4 Nxd4 18. Nxd4 Bg5 19. Bg3 O-O 20. Bxh4 Bxh4 21. g3 Be7 22. Rc1 Bg5 23. f4 Be7 24. Bb1 Bc5 25. Qd3 f5 26. exf6 Qxf6 27. Kg2 Bxd4 28. cxd4 Rxc1 29. Rxc1 Rc8 30. Rxc8+ Bxc8 31. Qc3 Bd7 32. Qc7 Qf7 33. Bg6 Qe7 34. Qb8+ Qf8 35. Qxa7 Be8 36. Qxb6 Bxg6 37. hxg6 Qe8 38. a4 Qxg6 39. Qb8+ Kh7 40. Qe5 Qc2+ 41. Kh3 Qxa4 42. Qxe6 Qxd4 43. Qf5+ Kg8 44. Qc8+ Kf7 45. Qd7+ Kf8 46. Qd8+ Kf7 47. Qd7+ Kg8 48. Qc8+ Kh7 49. Qf5+ Kg8 50. Qe6+ Kf8 51. Qc8+ Ke7 52. Qc7+ Kf6 53. Qd6+ Kf7 54. Qd7+ 1/2-1/2


[Site "https://www.chess.com"]

[Event "Titled Tuesday Blitz May 17 Early 2022"]
[White "Abdusattorov, Nodirbek"]
[Black "FGHSMN"]
[WhiteFideId "14204118"]
[WhiteElo "2663"]
[BlackElo "2767"]
[Result "1-0"]
[Round "03"]
[TimeControl "180+1"]
[Date "2022.05.17"]
[WhiteClock "0:01:43"]
[BlackClock "0:00:16"]

1. c4 e5 2. Nc3 Nc6 3. Nf3 f5 4. g3 Nf6 5. d4 e4 6. Nh4 d5 7. Bg5 Bb4 8. e3 O-O 9. Ng2 Ne7 10. Qb3 Bxc3+ 11. bxc3 h6 12. Bxf6 Rxf6 13. Nf4 c6 14. h4 Ng6 15. Nh3 Rd6 16. h5 Nf8 17. Nf4 Ne6 18. Ng6 Ng5 19. Ne5 Nf7 20. Nxf7 Kxf7 21. a4 Rb8 22. a5 Be6 23. c5 Rd7 24. Be2 Kg8 25. Kd2 b5 26. axb6 axb6 27. Rhb1 b5 28. Ra6 Rc7 29. Rba1 Kh7 30. Qb4 Qd7 31. Qa5 Rcb7 32. Ra7 Rxa7 33. Qxa7 Rb7 34. Qa8 b4 35. cxb4 Rxb4 36. Ra7 Qc8 37. Qxc8 Bxc8 38. Kc3 Rb7 39. Rxb7 Bxb7 40. Kb4 Kg8 41. Ka5 Bc8 42. Kb6 Bd7 43. Ba6 Be8 44. Bb7 Bxh5 45. Bxc6 Kf8 46. Bxd5 Ke7 47. c6 Be8 48. c7 Bd7 49. Bb7 g5 50. c8=Q Bxc8 51. Bxc8 Kf6 52. d5 h5 53. d6 h4 54. d7 Ke7 55. Kc7 1-0


[Site "https://www.chess.com"]

[Event "Titled Tuesday Blitz May 17 Early 2022"]
[White "Beerdsen, Thomas"]
[Black "Sadhwani, Raunak"]
[WhiteFideId "1030108"]
[BlackFideId "35093487"]
[WhiteElo "2585"]
[BlackElo "2616"]
[Result "1-0"]
[Round "03"]
[TimeControl "180+1"]
[Date "2022.05.17"]
[WhiteClock "0:00:17"]
[BlackClock "0:00:03"]

1. e4 e5 2. Nf3 Nc6 3. d4 exd4 4. Bc4 d6 5. Nxd4 Nf6 6. O-O Be7 7. Re1 O-O 8. Nc3 Re8 9. Nf5 Bf8 10. Bg5 Ne5 11. Bb3 h6 12. Bh4 Ng6 13. Bxf6 Qxf6 14. Nd5 Qd8 15. Qh5 Be6 16. Nd4 c6 17. Nxe6 Rxe6 18. Ne3 d5 19. exd5 cxd5 20. Nxd5 Rxe1+ 21. Rxe1 Qg5 22. Qxg5 hxg5 23. g3 Rd8 24. Kg2 Bd6 25. Re4 Kf8 26. Ra4 a6 27. Rg4 f6 28. h4 Ne5 29. Re4 f5 30. Ra4 g4 31. Nf4 Ke7 32. Ra5 g6 33. a3 Rc8 34. Rd5 Rc5 35. Rd1 Rc6 36. Re1 Kf6 37. c3 Bb8 38. Bd5 Rb6 39. b4 Rd6 40. c4 b5 41. c5 Rd8 42. Bb7 Rd2 43. Bxa6 Nf3 44. Rh1 Be5 45. Bxb5 Bd4 46. Ne2 Be5 47. h5 g5 48. h6 Kg6 49. h7 Bh8 50. c6 Rc2 51. Rc1 Rxc1 52. Nxc1 Nd4 53. c7 1-0


[Site "https://www.chess.com"]

[Event "Titled Tuesday Blitz May 17 Early 2022"]
[White "Bluebaum, Matthias"]
[Black "Garriga Cazorla, Pere"]
[WhiteFideId "24651516"]
[BlackFideId "32011601"]
[WhiteElo "2556"]
[BlackElo "2433"]
[Result "0-1"]
[Round "03"]
[TimeControl "180+1"]
[Date "2022.05.17"]
[WhiteClock "0:00:27"]
[BlackClock "0:00:30"]

1. d4 Nf6 2. c4 e6 3. Nc3 Bb4 4. e3 O-O 5. Bd2 d5 6. Nf3 c5 7. a3 Bxc3 8. Bxc3 Ne4 9. Rc1 Nxc3 10. Rxc3 cxd4 11. Nxd4 b6 12. cxd5 Qxd5 13. Nb5 Qxd1+ 14. Kxd1 Nd7 15. Rc7 a6 16. Nd6 Nc5 17. b4 Na4 18. Nxc8 Rfxc8 19. Rxc8+ Rxc8 20. Bxa6 Rc3 21. Kd2 Rxa3 22. Rc1 g5 23. Bb5 Kf8 24. Rc7 Ra2+ 25. Rc2 Ra3 26. g4 h6 27. h3 f5 28. f3 Ke7 29. Rc7+ Kd6 30. Rd7+ Ke5 31. Ra7 Ra2+ 32. Ke1 Nc3 33. Rxa2 Nxa2 34. Bc4 Nxb4 35. Kd2 f4 36. exf4+ Kxf4 37. Bxe6 Kxf3 38. Kc3 Na6 39. Kd4 Nc5 40. Bc4 Kf4 41. Kd5 Ne4 42. Ke6 Kg3 43. Kf5 Nd6+ 44. Kg6 Nxc4 45. Kxh6 Kh4 46. Kg6 b5 47. Kf5 b4 48. Ke4 b3 49. Kd4 Na5 50. Kc3 Kxh3 51. Kb2 Kxg4 52. Ka3 Kf3 53. Kb2 g4 54. Kc3 g3 55. Kb2 g2 56. Ka3 g1=Q 57. Kb2 Qf2+ 58. Kc3 Qc2+ 59. Kb4 b2 60. Ka3 Qb3# 0-1


[Site "https://www.chess.com"]

[Event "Titled Tuesday Blitz May 17 Early 2022"]
[White "Bortnyk, Olexandr"]
[Black "Korchmar, Vasiliy"]
[WhiteFideId "14120828"]
[BlackFideId "24131750"]
[WhiteElo "2723"]
[BlackElo "2370"]
[Result "1-0"]
[Round "03"]
[TimeControl "180+1"]
[Date "2022.05.17"]
[WhiteClock "0:00:02"]
[BlackClock "0:00:01"]

1. e4 c5 2. c3 Nf6 3. e5 Nd5 4. d4 cxd4 5. cxd4 e6 6. Nf3 d6 7. Bc4 Be7 8. O-O O-O 9. Qe2 b6 10. Nbd2 Bb7 11. Ne4 dxe5 12. dxe5 Nd7 13. Bd2 Rc8 14. Rac1 h6 15. Rfd1 Nc5 16. Ng3 Re8 17. Bb5 Rf8 18. Nh5 a6 19. Bc4 b5 20. Bxd5 Bxd5 21. Nd4 Ne4 22. Rxc8 Qxc8 23. Be3 g6 24. Bxh6 Rd8 25. Nf4 Qc4 26. Qg4 Kh7 27. Qh3 Kg8 28. Qg4 Kh7 29. Qh3 Kg8 30. b3 Qc3 31. Qg4 Kh7 32. Nfe2 Qb2 33. Be3 Kg7 34. h4 Rh8 35. g3 Nc3 36. Nxc3 Qxc3 37. Ne2 Qc2 38. Nf4 Qe4 39. Kf1 Qh1+ 40. Ke2 Qe4 41. Rd4 Qc2+ 42. Bd2 Bc6 43. Nxe6+ fxe6 44. Qxe6 Re8 45. h5 gxh5 46. Rf4 1-0


[Site "https://www.chess.com"]

[Event "Titled Tuesday Blitz May 17 Early 2022"]
[White "Bryakin, Mikhail"]
[Black "Bettalli, Francesco"]
[WhiteFideId "4165314"]
[BlackFideId "2816453"]
[WhiteElo "2417"]
[BlackElo "2216"]
[Result "1-0"]
[Round "03"]
[TimeControl "180+1"]
[Date "2022.05.17"]
[WhiteClock "0:02:07"]
[BlackClock "0:00:04"]

1. e4 e5 2. Nc3 Bc5 3. g3 d6 4. Bg2 a6 5. Nge2 Nc6 6. O-O Nf6 7. d3 O-O 8. h3 Ne7 9. Kh2 Ng6 10. f4 exf4 11. Nxf4 Nxf4 12. Bxf4 Bd4 13. Rb1 Re8 14. Ne2 Be5 15. Bg5 h6 16. Bd2 Nh7 17. c3 c6 18. Qc2 d5 19. d4 Bc7 20. e5 Ng5 21. Rbe1 Ne6 22. Nf4 c5 23. Nxd5 Ba5 24. dxc5 Bd7 25. b4 Bc7 26. Bxh6 Bc6 27. c4 Nd4 28. Qd3 gxh6 29. Qxd4 Bxd5 30. cxd5 Qe7 31. d6 1-0


[Site "https://www.chess.com"]

[Event "Titled Tuesday Blitz May 17 Early 2022"]
[White "Chigaev, Maksim"]
[Black "Gallego Alcaraz, Andres Felipe"]
[WhiteFideId "4108116"]
[BlackFideId "4402669"]
[WhiteElo "2457"]
[BlackElo "2340"]
[Result "1-0"]
[Round "03"]
[TimeControl "180+1"]
[Date "2022.05.17"]
[WhiteClock "0:00:05"]
[BlackClock "0:00:06"]

1. Nf3 Nf6 2. c4 g6 3. Nc3 d5 4. cxd5 Nxd5 5. Qa4+ Bd7 6. Qd4 Nf6 7. g3 Bg7 8. Bg2 O-O 9. O-O Qc8 10. Qh4 c5 11. d3 Bc6 12. Bh6 Nbd7 13. Rac1 b6 14. Bxg7 Kxg7 15. e4 e5 16. g4 h6 17. h3 Re8 18. Rfd1 Nf8 19. Qg3 Qb8 20. h4 Bd7 21. Bh3 g5 22. h5 N6h7 23. Nd5 f6 24. b4 Ne6 25. bxc5 bxc5 26. Rb1 Qd6 27. Nd2 Nf4 28. Nc4 Qc6 29. Kh2 Nxd5 30. exd5 Qxd5 31. Bg2 Qe6 32. Bxa8 Rxa8 33. Rb7 Kh8 34. Rdb1 Bc6 35. Rc7 Qd5 36. Ne3 Qd6 37. Rg7 Bd7 38. Rb7 Rd8 39. Rg6 Bc6 40. Rxa7 Rd7 41. Rxd7 Bxd7 42. Rxh6 Qxd3 43. Qf3 Qd6 44. Qe4 f5 45. Rxd6 1-0


[Site "https://www.chess.com"]

[Event "Titled Tuesday Blitz May 17 Early 2022"]
[White "Deac, Bogdan-Daniel"]
[Black "Todorovic, Bojan"]
[WhiteFideId "1226380"]
[BlackFideId "917087"]
[WhiteElo "2648"]
[BlackElo "2266"]
[Result "1-0"]
[Round "03"]
[TimeControl "180+1"]
[Date "2022.05.17"]
[WhiteClock "0:01:15"]
[BlackClock "0:01:15"]

1. d4 d5 2. Nf3 Bf5 3. c4 e6 4. Nc3 c6 5. Qb3 Qb6 6. c5 Qc7 7. Bf4 Qc8 8. Nh4 Bg4 9. h3 Bh5 10. g4 Bg6 11. Nxg6 hxg6 12. e4 b6 13. exd5 exd5 14. Nxd5 cxd5 15. Bb5+ Nc6 16. cxb6 a6 17. Bxc6+ Qxc6 18. b7 Rb8 19. Bxb8 a5 20. Bf4 1-0


[Site "https://www.chess.com"]

[Event "Titled Tuesday Blitz May 17 Early 2022"]
[White "Druska, Juraj"]
[Black "Salem, A.R. Saleh"]
[WhiteFideId "14915650"]
[BlackFideId "9301348"]
[WhiteElo "2369"]
[BlackElo "2679"]
[Result "1-0"]
[Round "03"]
[TimeControl "180+1"]
[Date "2022.05.17"]
[WhiteClock "0:00:04"]
[BlackClock "0:00:02"]

1. d4 Nf6 2. c4 g6 3. Nc3 d5 4. cxd5 Nxd5 5. e4 Nxc3 6. bxc3 Bg7 7. Be3 c5 8. Rc1 O-O 9. Nf3 Bg4 10. Be2 Qa5 11. O-O Qxa2 12. Ra1 Qb2 13. Qd3 Qb6 14. h3 Bd7 15. d5 e6 16. Rab1 Qc7 17. d6 Qc8 18. Qd2 Bc6 19. e5 Nd7 20. Bh6 Nxe5 21. Nxe5 Bxe5 22. Qe3 Bg7 23. Bxg7 Kxg7 24. Qxc5 Qd7 25. Rfd1 Rfc8 26. Qd4+ f6 27. c4 b6 28. Re1 e5 29. Qd3 Rd8 30. Rbd1 h5 31. Qg3 Qf5 32. Bd3 e4 33. Bc2 Rd7 34. Rd4 Re8 35. Qe3 Qc5 36. Red1 a5 37. Qg3 Qe5 38. Qe3 Re6 39. Qa3 e3 40. Qd3 f5 41. Qxe3 Qxe3 42. fxe3 Rxe3 43. Rb1 Re2 44. Rxb6 Rxg2+ 45. Kf1 Rxc2 46. Rxc6 Kf6 47. c5 Rb7 48. Rb6 Rd7 49. c6 Ke6 50. cxd7 Kxd7 51. Rb7+ Kd8 52. d7 Rb2 53. Rxb2 1-0


[Site "https://www.chess.com"]

[Event "Titled Tuesday Blitz May 17 Early 2022"]
[White "Drygalov, Sergey"]
[Black "Gunina, Valentina"]
[WhiteFideId "24171743"]
[BlackFideId "4167570"]
[WhiteElo "2514"]
[BlackElo "2381"]
[Result "1-0"]
[Round "03"]
[TimeControl "180+1"]
[Date "2022.05.17"]
[WhiteClock "0:01:04"]
[BlackClock "0:00:16"]

1. d4 d5 2. c4 c6 3. Nf3 Nf6 4. Nc3 dxc4 5. g3 Bf5 6. Ne5 g6 7. Bg2 Bg7 8. Nxc4 O-O 9. O-O Nbd7 10. e4 Be6 11. d5 cxd5 12. exd5 Bg4 13. Qb3 Rc8 14. Be3 b6 15. Rfe1 Nc5 16. Bxc5 Rxc5 17. Ne5 Bf5 18. Nc6 Rxc6 19. dxc6 Ng4 20. h3 Nxf2 21. Kxf2 Qd4+ 22. Re3 Bh6 23. Re1 Be6 24. Qd1 Qc5 25. Qd3 Bf5 26. Qd5 Qb4 27. R3e2 e6 28. a3 Qxc3 29. bxc3 exd5 30. Re8 Bg7 31. c7 d4 32. Rxf8+ Kxf8 33. Bc6 Bf6 34. Re8+ Kg7 35. cxd4 Bxd4+ 36. Kg2 Bc5 37. a4 1-0


[Site "https://www.chess.com"]

[Event "Titled Tuesday Blitz May 17 Early 2022"]
[White "Grischuk, Alexander"]
[Black "Rostovtsev, Dmitry"]
[WhiteFideId "4126025"]
[BlackFideId "34278320"]
[WhiteElo "2762"]
[BlackElo "2274"]
[Result "1-0"]
[Round "03"]
[TimeControl "180+1"]
[Date "2022.05.17"]
[WhiteClock "0:00:40"]
[BlackClock "0:01:04"]

1. d4 Nf6 2. Nf3 e6 3. c4 d5 4. Nc3 a6 5. c5 b6 6. cxb6 c5 7. Bf4 Nbd7 8. Bc7 Qe7 9. e3 Bb7 10. a3 g6 11. Qa4 Bg7 12. Ne5 O-O 13. Nc6 Qe8 14. Na5 Qc8 15. Be2 Ne4 16. Nxe4 dxe4 17. Nxb7 Qxb7 18. Qxd7 cxd4 19. exd4 Rfd8 20. Qe7 e3 21. O-O exf2+ 22. Rxf2 Bxd4 23. Bxd8 Bxf2+ 24. Kxf2 Qe4 25. Rd1 Qf4+ 26. Bf3 Qd2+ 27. Rxd2 1-0


[Site "https://www.chess.com"]

[Event "Titled Tuesday Blitz May 17 Early 2022"]
[White "Izzat, Kanan"]
[Black "Shimanov, Aleksandr"]
[WhiteFideId "13405209"]
[BlackFideId "4198603"]
[WhiteElo "2362"]
[BlackElo "2605"]
[Result "1/2-1/2"]
[Round "03"]
[TimeControl "180+1"]
[Date "2022.05.17"]
[WhiteClock "0:00:04"]
[BlackClock "0:00:06"]

1. e4 c6 2. d4 d5 3. e5 Bf5 4. Nf3 e6 5. Be2 c5 6. c3 Nc6 7. O-O Bg6 8. Re1 cxd4 9. Nxd4 Nge7 10. Bf1 a6 11. Bf4 Qb6 12. Nb3 Nf5 13. N1d2 Be7 14. Nf3 O-O 15. Bd3 a5 16. a4 Rfd8 17. Bb5 d4 18. cxd4 Ncxd4 19. Nfxd4 Nxd4 20. Be3 Bc5 21. Nxc5 Qxc5 22. Qg4 Qb4 23. Rad1 Nc2 24. Qxb4 axb4 25. Bb6 Rdc8 26. Re2 b3 27. Red2 h6 28. f3 Nb4 29. Rd7 Rc2 30. Bd4 b6 31. Rd6 Nd5 32. Bc6 Rxa4 33. Bxa4 Nf4 34. Bf2 Rxb2 35. R6d2 Bc2 36. Bxb3 Bxb3 37. Rxb2 Bxd1 38. Rxb6 Nd5 39. Rd6 Bc2 40. Bd4 h5 41. Kf2 g5 42. g4 hxg4 43. fxg4 Kg7 44. Kg3 Bg6 45. h3 Be4 46. Bf2 Kg6 47. Be1 Kg7 48. Ba5 Bh7 49. Bd8 Kg6 50. Rd7 Nc3 51. Bf6 Ne2+ 52. Kh2 Nf4 53. Rd8 Nd5 54. Rh8 Kh6 55. Kg3 Kg6 56. h4 gxh4+ 57. Kxh4 Nf4 58. Bg5 Nd5 59. Bf6 Nf4 60. Kg3 Nd5 61. g5 Nc3 62. Kh4 Nd5 63. Kg3 Nc3 64. Ra8 Nd5 65. Ra1 Ne3 66. Rh1 Nf5+ 67. Kf4 Bg8 68. Rh8 Bh7 69. Ra8 Nd4 70. Ra1 Nf5 71. Rh1 Bg8 72. Rh2 Bh7 73. Rd2 Bg8 74. Rd8 Bh7 75. Rh8 Nh4 76. Ra8 Nf5 77. Ra3 Bg8 78. Rh3 Bh7 79. Rh1 1/2-1/2


[Site "https://www.chess.com"]

[Event "Titled Tuesday Blitz May 17 Early 2022"]
[White "Jarovinsky, Alexey"]
[Black "Sanal, Vahap"]
[WhiteFideId "14115131"]
[BlackFideId "6300545"]
[WhiteElo "2446"]
[BlackElo "2574"]
[Result "1-0"]
[Round "03"]
[TimeControl "180+1"]
[Date "2022.05.17"]
[WhiteClock "0:00:11"]
[BlackClock "0:00:06"]

1. Nc3 d5 2. e4 d4 3. Nce2 c5 4. Ng3 Nc6 5. Bb5 Qc7 6. Bxc6+ Qxc6 7. d3 f6 8. f4 Nh6 9. Nf3 Nf7 10. O-O g6 11. c3 dxc3 12. bxc3 Bg7 13. d4 O-O 14. d5 Qa6 15. Qc2 e6 16. c4 b5 17. f5 exd5 18. cxd5 c4 19. Nd4 Ne5 20. Ne6 Qb6+ 21. Kh1 Bxe6 22. fxe6 b4 23. Bf4 Qc5 24. Bxe5 fxe5 25. Qe2 Rf4 26. Rad1 c3 27. Qd3 Raf8 28. d6 Bf6 29. Rxf4 exf4 30. Ne2 Rc8 31. e7 Rb8 32. Nxf4 Bg5 33. Qd5+ Qxd5 34. Nxd5 c2 35. Rf1 Kg7 36. d7 Bxe7 37. Nxe7 Rd8 38. Rc1 Rxd7 39. Nd5 b3 40. axb3 Rb7 41. b4 a5 42. Rxc2 axb4 43. Rb2 b3 44. Kg1 Kf7 45. Kf2 Ke6 46. Ke3 Ke5 47. Nf4 Kd6 48. Nd3 Rb8 49. Nc1 Rc8 50. Nxb3 Rb8 51. Rd2+ Ke5 52. Rd3 Ra8 53. Nd2 Ra1 54. Nf3+ Ke6 55. Rd2 h6 56. Re2 g5 57. h3 Ra3+ 58. Kf2 Kf6 59. e5+ Ke7 60. e6 Ra4 61. Nd2 Rf4+ 62. Kg3 h5 63. Nf3 h4+ 64. Kh2 Rf5 65. Re5 Rxe5 66. Nxe5 Kxe6 67. Ng4 Kf5 68. Kg1 Kf4 69. Kf2 Ke4 70. Nh2 Kf4 71. Ng4 Ke4 72. Ne3 Kf4 73. Nf1 Ke4 74. g3 hxg3+ 75. Kxg3 Kf5 76. Nh2 Kg6 77. Ng4 Kh5 78. Ne3 Kg6 79. Kg4 Kf6 80. Nf1 Kg6 81. Nh2 Kf6 82. Nf3 Kg6 83. Nxg5 Kh6 84. Nf3 Kg6 85. Ng1 1-0


[Site "https://www.chess.com"]